 Dungeon Crawl Stone Soup version 0.27.1-34-g3ba077fa99 (webtiles) character file.

Game seed: 14101212639347558688

45 safid the Skirmisher (level 3, 0/33 HPs)
             Began as a Hill Orc Fighter on Jan 5, 2022.
             Slain by an adder (3 damage)
             ... on level 2 of the Dungeon.
             The game lasted 00:03:19 (1254 turns).

safid the Skirmisher (Hill Orc Fighter)             Turns: 1254, Time: 00:03:20

Health: 0/33       AC:  7    Str: 19    XL:     3   Next: 64%
Magic:  3/3        EV:  7    Int:  8    God:
Gold:   53         SH:  9    Dex: 10    Spells: 2/2 levels left

rFire    . . .     SeeInvis .   a - +0 war axe
rCold    . . .     Faith    .   c - +0 kite shield
rNeg     . . .     Spirit   .   b - +0 scale mail
rPois    .         Reflect  .   (no helmet)
rElec    .         Harm     .   (no cloak)
rCorr    .         Rampage  .   (no gloves)
Will     +....                  (no boots)
Stlth    ..........             (no amulet)
HPRegen  0.11/turn              g - ring of willpower
MPRegen  0.08/turn              (no ring)

@: lethally poisoned (0 -> -6)
A: no striking features
a: no special abilities


You were on level 2 of the Dungeon.
You visited 1 branch of the dungeon, and saw 2 of its levels.

You collected 53 gold pieces.

Inventory:

Hand Weapons
 a - a +0 war axe (weapon)
Missiles
 j - a throwing net (quivered)
Armour
 b - a +0 scale mail (worn)
 c - a +0 kite shield (worn)
Jewellery
 g - a ring of willpower (left hand)
Scrolls
 e - a scroll of silence {unknown}
 h - a scroll of acquirement {unknown}
 i - a scroll of identify {unknown}
Potions
 d - 2 potions of might
 f - 2 potions of curing {unknown}


   Skills:
 - Level 4.0 Fighting
 + Level 3.5 Axes
 + Level 3.8 Armour
 + Level 3.8 Shields


You had 2 spell levels left.
You didn't know any spells.
Your spell library contained the following spells:

 Spells                   Type           Power      Damage    Failure   Level
 Conjure Flame            Conj/Fire      0%         6-21      100%        3
 Ignite Poison            Fire/Tmut/Pois 0%         N/A       100%        3
 Sticky Flame             Conj/Fire      0%         2d3       100%        4


Dungeon Overview and Level Annotations

Branches:
Dungeon (2/15)

Altars:


Message History

Items here: ( )) †.
You block the adder's attack. The adder bites you but does no damage.
You block the adder's attack. You block the adder's attack.
You block the adder's attack. You block the adder's attack.
The adder bites you but does no damage. The adder bites you.
The adder bites you but does no damage.
There is a stone staircase leading up here.
You hit the adder but do no damage. The adder closely misses you.
The adder bites you but does no damage.
Unknown command.
You miss the adder. The adder closely misses you. The adder barely misses you.
Unknown command.
You hit the adder but do no damage.
The adder bites you but does no damage. x2
Unknown command.
You hit the adder but do no damage. The adder bites you but does no damage.
The adder bites you.
You are poisoned.
The adder poisons you!
Unknown command.
You miss the adder.
You feel very sick. You block the adder's attack. The adder bites you.
* * * LOW HITPOINT WARNING * * *
You are lethally poisoned!
The adder poisons you!
Unknown command.
You closely miss the adder.
* * * LOW HITPOINT WARNING * * *
You feel very sick.
The adder bites you but does no damage. x2
Unknown command.
You miss the adder.
* * * LOW HITPOINT WARNING * * *
You feel very sick. The adder bites you.
You die...

#.............#..'...
#.............#.##...
#.............#.##...
#.............#.##...
#.............#.#####
#.............#.#
#...............#
#....S(...(...#.#
#...@.........#.#
#.............#.#
#.............###
#########.#.#####
#.......# #########


You could see an adder.

Vanquished Creatures
  An adder (D:2)
  A dart slug (D:1)
  4 endoplasms (D:1)
  A giant cockroach (D:2)
  5 goblins
  2 hobgoblins (D:1)
  A quokka (D:1)
  4 ball pythons
  6 kobolds
  10 rats
35 creatures vanquished.

Notes
Turn   | Place    | Note
-------+----------+-------------------------------------------
     0 | D:1      | safid the Hill Orc Fighter began the quest for the Orb.
     0 | D:1      | Reached XP level 1. HP: 19/19 MP: 1/1
   279 | D:1      | Reached XP level 2. HP: 17/27 MP: 2/2
   683 | D:1      | Reached XP level 3. HP: 31/33 MP: 3/3
   706 | D:1      | Found a faded altar of an unknown god.
   710 | D:1      | Reached skill level 4 in Fighting
  1254 | D:2      | Slain by an adder

Illustrated notes

Levels and vault maps discovered:
D:1:      dpeg_arrival_oval, layout_rooms,
          hellmonk_ecumenical_altar_heavens_door, minmay_indecisive_spiral
D:2:      layout_basic, uniq_jessica

Skill      XL: |  1  2  3 |
---------------+----------+-----
Axes           | 3 |  3.5
Fighting       | 4 |  4.0
Armour         | |  3.8
Shields        | |  3.8

Action                   || total
-------------------------++-------
Melee: War axe           ||   105
Armor: Scale mail        ||    49
Dodge: Dodged            ||    29
Block: Kite shield       ||    58
